 Dungeon Crawl Stone Soup version 0.27.1-2-g3b301248ec (webtiles) character file.

Game seed: 10232891213721035575

1578 MajorAdolf the Covert (level 8, -6/80 HPs)
             Began as a Naga Wanderer on Sept 30, 2021.
             Was an Initiate of Gozag.
             Engulfed by a cloud of flame (8 damage)
             ... on level 6 of the Dungeon.
             The game lasted 00:09:00 (7193 turns).

MajorAdolf the Covert (Naga Wanderer)               Turns: 7193, Time: 00:09:00

Health: -6/80      AC: 13    Str: 19    XL:     8   Next: 91%
Magic:  8/8        EV:  7    Int: 14    God:    Gozag
Gold:   311        SH:  0    Dex: 10    Spells: 7/7 levels left

rFire    + . .     SeeInvis +   b - +5 long sword (elec)
rCold    . . .     Faith    .   (no shield)
rNeg     . . .     Spirit   .   f - +0 robe
rPois    +         Reflect  .   j - +2 helmet {Int+3}
rElec    .         Harm     .   (no cloak)
rCorr    .         Rampage  .   B - +0 pair of gloves
Will     +....                  i - +1 barding {rF+}
Stlth    ++++......             (no amulet)
HPRegen  0.23/turn              C - ring of willpower
MPRegen  0.11/turn              (no ring)

@: weak-willed, gold aura, very slow
A: AC +2, large, see invisible, deformed body, poison resistance, slowness 2,
spit poison 1, naga tail 1
a: Spit Poison, Renounce Religion, Potion Petition, Call Merchant, Bribe Branch


You were on level 6 of the Dungeon.
You worshipped Gozag.
Gozag was aware of your devotion.
You visited 1 branch of the dungeon, and saw 6 of its levels.

You collected 354 gold pieces.
You paid 43 gold pieces to Gozag.

Inventory:

Hand Weapons
 a - a +2 dagger
 b - a +5 long sword of electrocution (weapon)
 c - a +0 shortbow
 q - a +2 mace of venom
Missiles
 d - 39 arrows
Armour
 f - a +0 robe (worn)
 i - a +1 barding of fire resistance (worn)
 j - a +2 helmet of intelligence (worn)
 B - a +0 pair of gloves (worn)
Magical Staves
 s - a staff of conjuration
 x - a staff of cold
Jewellery
 k - an amulet of faith
 y - the amulet of the Air {Inacc Air Fly rElec RMsl}
   (You found it on level 4 of the Dungeon)

   [amulet of nothing]

   It reduces the accuracy of all your attacks.
   It enhances your air magic.
   rElec:     It insulates you from electricity.
   Fly:       It grants you flight.
   RMsl:      It protects you from missiles.
 C - a ring of willpower (left hand)
Scrolls
 e - 5 scrolls of teleportation
 g - a scroll of vulnerability
 o - 2 scrolls of summoning
Potions
 h - a potion of haste
 l - a potion of ambrosia {unknown}
 m - a potion of attraction {unknown}
 n - 2 potions of flight {unknown}
 p - 2 potions of curing {unknown}
 r - a potion of heal wounds {unknown}
 t - a potion of mutation {unknown}
 D - a potion of resistance {unknown}


   Skills:
 - Level 7.2 Fighting
 - Level 1.6(4.4) Short Blades
 + Level 6.6(6.7) Long Blades
 - Level 1.0 Staves
 - Level 1.7 Bows
 - Level 1.0 Armour
 - Level 9.4 Stealth


You had 7 spell levels left.
You didn't know any spells.
Your spell library contained the following spells:

 Spells                   Type           Power      Damage    Failure   Level
 Animate Skeleton         Necr           0%         N/A       28%         1
 Pain                     Necr           0%         1d4       28%         1
 Ensorcelled Hibernation  Hex/Ice        0%         N/A       41%         2
 Slow                     Hex            0%         N/A       41%         2
 Confusing Touch          Hex            0%         N/A       65%         3
 Gell's Gravitas          Tloc           0%         N/A       65%         3
 Spider Form              Tmut/Pois      0%         N/A       65%         3
 Teleport Other           Tloc           0%         N/A       65%         3
 Vampiric Draining        Necr           0%         2d6       65%         3
 Conjure Ball Lightning   Conj/Air       0%         3x3d6     100%        6
 Dispersal                Tloc           0%         N/A       100%        6
 Shadow Creatures         Summ           N/A        N/A       100%        6
 Discord                  Hex            0%         N/A       100%        8
 Disjunction              Tloc           0%         N/A       100%        8


Dungeon Overview and Level Annotations

Branches:
Dungeon (6/15)             Temple (0/1) D:6

Altars:
Ashenzari
Cheibriados
Fedhas
Gozag
Nemelex Xobeh
Yredelemnul
The Shining One

Shops:
D:6 [

Annotations:
D:4 1 runed translucent door, exclusion: door, Crazy Yiuf
D:5 2 runed translucent doors, exclusion: hound, Eustachio, Sigmund


Innate Abilities, Weirdness & Mutations

Your serpentine skin is tough. (AC +2)
You have supernaturally acute eyesight. (SInv)
Armour fits poorly on your strangely shaped body.
Your system is resistant to poisons. (rPois)
You cover ground very slowly.
You can spit poison.
You have a snake-like lower body.


Message History

As you read the scroll labelled YCSIRY ZOESIPS, it crumbles to dust.
Magic quickly surges around you.
It was a scroll of vulnerability.
Really read the scroll of vulnerability?
You can't even see any enemies this would affect.
Okay, then.
As you read the scroll labelled VIVEUZXUIBUKIGH, it crumbles to dust.
Wisps of shadow whirl around you...
It was a scroll of summoning.
As you read the scroll labelled FOTY ERIFUMUUFOB, it crumbles to dust.
You hear a loud clanging noise!
It was a scroll of noise.
As you read the scroll labelled MUOTHR SUDUBU, it crumbles to dust.
Your body is wracked with pain!
Your ogre convulses!
Your orc convulses!
Your jelly convulses!
It was a scroll of torment.
As you read the scroll labelled SANILORIHI, it crumbles to dust.
It is a scroll of enchant armour.
Your +0 barding of fire resistance glows green for a moment.
As you read the scroll labelled BOSEENTI FESMY, it crumbles to dust.
The creatures around you are filled with an inner flame!
It was a scroll of immolation.
As you read the scroll labelled BOIGOL UVUOMP, it crumbles to dust.
You speak a Word of immense power!
Your bullfrog skeleton convulses!
It was a scroll of holy word.
Your bullfrog skeleton explodes!
The fiery explosion engulfs your ogre! Flame seeps out of your ogre.
Your ogre is almost dead.
The fiery explosion engulfs your orc!!!
Your orc's corpse dissolves into shadows!
Your orc explodes!
The fiery explosion engulfs you! You resist.
* * * LOW HITPOINT WARNING * * *
The fiery explosion engulfs your ogre!!
Your ogre's corpse dissolves into shadows!
The fiery explosion engulfs your jelly!!
Your jelly explodes!
Your ogre explodes!
The fiery explosion engulfs you! You resist.
* * * LOW HITPOINT WARNING * * *
You are engulfed in blazing flames.
You resist.
You die...
Your body crumbles into a pile of gold.

..........# #........# #
#........# ## #........#
.# #........# .#
#...§.§..# .######.#
###.#§######### ........#
# #§§§.....(# .........
#@#######.# .######### ###
#.# .......... #.#
##.####### ###### #.# #.#
#....# #.#
#.#########.##.# #.#
#.##........#..########.#
.#..#........#...........#
....#........#############


There were no monsters in sight!

Vanquished Creatures
  A water moccasin (D:6)
  A hornet zombie (D:5)
  An ice beast (D:6)
  4 sky beasts
  2 ogres
  A black bear (D:6)
  A scorpion (D:6)
  A water moccasin skeleton (D:5)
  A wight (D:6)
  A bullfrog zombie (D:5)
  2 hounds (D:5)
  4 orc priests
  2 jellies
  2 centaur skeletons
  An orc wizard (D:6)
  6 adders
  A shadow imp (D:6)
  2 ufetubi
  A worm (D:3)
  4 dart slugs
  12 orcs
  2 ball pythons
  3 bats
  8 endoplasms
  4 giant cockroaches
  2 goblins (D:2)
  8 hobgoblins
  4 quokkas
  5 frilled lizards
  7 kobolds
  6 rats
100 creatures vanquished.

Notes
Turn   | Place    | Note
-------+----------+-------------------------------------------
     0 | D:1      | MajorAdolf the Naga Wanderer began the quest for the Orb.
     0 | D:1      | MajorAdolf set off with the following items: a +2 dagger, a
                  | potion of berserk rage, a +0 shortbow, 26 arrows, a scroll
                  | of teleportation, a +0 robe
     0 | D:1      | Reached XP level 1. HP: 22/22 MP: 1/1
    88 | D:1      | Reached XP level 2. HP: 24/30 MP: 2/2
   888 | D:1      | Found a faded altar of an unknown god.
  1066 | D:1      | Reached skill level 1 in Short Blades
  1066 | D:1      | Reached XP level 3. HP: 34/37 MP: 3/3
  1388 | D:2      | Reached skill level 4 in Stealth
  1690 | D:2      | Reached XP level 4. HP: 45/45 MP: 4/4
  2263 | D:3      | Reached skill level 5 in Fighting
  2263 | D:3      | Reached skill level 5 in Stealth
  2388 | D:3      | You fall into a shaft and drop 1 floor!
  2537 | D:4      | Found a blossoming altar of Fedhas.
  2654 | D:4      | Reached XP level 5. HP: 45/52 MP: 5/5
  2739 | D:3      | Found a basalt altar of Yredelemnul.
  3441 | D:4      | Found a snail-covered altar of Cheibriados.
  3648 | D:4      | Found the amulet of the Air {Inacc Air Fly rElec RMsl}
  3734 | D:4      | Found a runed translucent door.
  3735 | D:4      | Noticed Crazy Yiuf
  3794 | D:4      | Reached skill level 6 in Stealth
  4264 | D:5      | Entered Level 5 of the Dungeon
  4264 | D:5      | Noticed an ogre
  4271 | D:5      | Killed an ogre
  4272 | D:5      | Reached XP level 6. HP: 29/62 MP: 6/6
  4275 | D:5      | Reached skill level 7 in Stealth
  5425 | D:5      | Reached XP level 7. HP: 50/69 MP: 7/7
  5604 | D:5      | Noticed Eustachio
  5643 | D:5      | Noticed Sigmund
  5720 | D:5      | Reached skill level 8 in Stealth
  5886 | D:5      | Found a broken altar of Ashenzari.
  6275 | D:5      | Found a glowing golden altar of the Shining One.
  6275 | D:5      | Found a faded altar of an unknown god.
  6283 | D:5      | Found an opulent altar of Gozag.
  6285 | D:5      | Found a sparkling altar of Nemelex Xobeh.
  6286 | D:5      | Found a faded altar of an unknown god.
  6304 | D:5      | Became a worshipper of Gozag Ym Sagoz the Greedy
  6415 | D:5      | Reached skill level 9 in Stealth
  6493 | D:5      | Found a runed translucent door.
  6501 | D:5      | Found a runed translucent door.
  6503 | D:5      | Noticed a vampire mosquito
  6624 | D:6      | Identified 2 scrolls of acquirement
  6624 | D:6      | Acquired a +1 long sword of electrocution
  6671 | D:6      | Reached skill level 1 in Long Blades
  6671 | D:6      | Reached XP level 8. HP: 55/80 MP: 8/8
  6757 | D:6      | Acquired a +0 barding of fire resistance
  6913 | D:6      | Found a staircase to the Ecumenical Temple.
  6953 | D:6      | Found Eppilihu's Armour Shoppe.
  7000 | D:6      | Reached skill level 5 in Long Blades
  7193 | D:6      | HP: 2/80 [spore (11)]
  7193 | D:6      | Engulfed by a cloud of flame

Illustrated notes

Levels and vault maps discovered:
D:1:      ebering_trefoil_3fold, layout_rooms, shapermc_ecumenical_altar_petra,
          minmay_small_reverse_x
D:2:      layout_rooms
D:3:      layout_basic, mainiacjoe_overflow_brackets, serial_bayou_pond_e
D:4:      layout_basic, cheibriados_altar_1, overflow_temple_1_default,
          uniq_crazy_yiuf_cottage
D:5:      lemuel_insect_pit, layout_loops_cross, evilmike_ruin_ashenzari,
          chequers_temple_overflow_minitemple, uniq_eustachio, uniq_sigmund
D:6:      layout_basic, minmay_temple_entry_sparse_star, gup_sewer_entry_bowl,
          serial_shops, nicolae_shop_temple_entry_statues_fountains,
          nicolae_square_shop, kennysheep_mini_moat

Skill      XL: |  1  2  3  4  5  6  7  8 |
---------------+-------------------------+-----
Short Blades   | 1 |  1.6
Stealth        | 4 5 6 7 9 |  9.4
Fighting       | 5 6 7 |  7.2
Long Blades    | 1 6 |  6.6
Staves         | |  1.0
Bows           | |  1.7
Armour         | |  1.0

Action                   |  1- 3 |  4- 6 |  7- 9 || total
-------------------------+-------+-------+-------++-------
Melee: Dagger            |    72 |     4 |       ||    76
       Mace              |       |   116 |    36 ||   152
       Long sword        |       |       |    51 ||    51
 Abil: Spit Poison       |    20 |     3 |     4 ||    27
  Use: Potion            |       |     1 |       ||     1
       Scroll            |       |       |    14 ||    14
 Stab: Sleeping          |     3 |     7 |     4 ||    14
Armor: Robe              |    31 |    62 |    65 ||   158
Dodge: Dodged            |    35 |    87 |    33 ||   155
       Rpst.: Long sword |       |       |     7 ||     7
